AoeStats
← Proverbial Monkey

Arena

508550770Analyzed
3v3 RM · 10d ago on Sep 23, 2026· 45m 56s· 6 players
Game mode
Random Map
Map size
Normal (6 player)
Population
200
Speed
Normal
Resources
Standard
Victory
Conquest
Starting age
Dark Age
Ending age
Imperial Age
RankedLock teamsTeams togetherTeam positionsShared explorationLock speedFull tech treeHidden civsTurbo modeCheats
Victory
Defeat
🇧🇷 Vikings · Brazil
892
+14
🇧🇷 Persians · Brazil
864
+16
🇧🇷 Teutons · Brazil
828
+17
🇲🇽 Bohemians · Mexico
910
-18
🇲🇽 Saxons · Mexico
857
-16
🇲🇽 Varangians · Mexico
793
-13
TeGoat95
10:36 Feudal Age
12:59 Double-Bit Axe
13:17 Horse Collar
17:05 Castle Age
28:51 Caravan
33:35 Imperial Age
31:46 Wheelbarrow
31:15 Heavy Plow
31:43 Gambesons
31:59 Squires
33:09 Gold Mining
33:13 Stone Mining
33:47 Forging
33:44 Scale Barding Armor
33:52 Scale Mail Armor
33:46 Elite Varangian Guard
35:12 Stone Shaft Mining
40:36 Iron Casting
40:18 Chain Mail Armor
40:24 Chain Barding Armor
39:44 Elite Skirmisher
41:59 Elite Jarl
44:34 Crop Rotation
Proverbial Monkey
10:59 Feudal Age
15:38 Castle Age
13:55 Double-Bit Axe
15:27 Horse Collar
20:59 Fletching
27:22 Gold Mining
29:41 Wheelbarrow
31:08 Thumb Ring
30:47 Crossbowman
32:51 Hand Cart
32:27 Town Watch
34:37 Town Patrol
37:20 Imperial Age
37:28 Imperial Age
34:48 Loom
35:48 Elite Skirmisher
37:06 Bodkin Arrow
37:12 Padded Archer Armor
37:33 Elite Hearth Troop
38:01 Arbalester
40:09 Scale Mail Armor
40:10 Bracer
40:21 Forging
40:27 Leather Archer Armor
43:20 Pikeman
43:22 Elite Varangian Guard
45:41 Redemption
gabrielyamiltego
10:11 Feudal Age
11:08 Double-Bit Axe
15:17 Castle Age
14:09 Horse Collar
16:34 Bow Saw
18:06 Loom
22:37 Wheelbarrow
23:17 Heavy Plow
25:57 Hand Cart
29:39 Imperial Age
27:35 Fletching
29:07 Hand Cart
29:37 Bodkin Arrow
31:53 Bracer
31:40 Crossbowman
33:39 Conscription
34:30 Chemistry
35:17 Arbalester
38:50 Forging
38:40 Scale Mail Armor
39:17 Elite Skirmisher
40:02 Padded Archer Armor
39:59 Pikeman
40:41 Squires
41:05 Halberdier
44:07 Leather Archer Armor
JLT_Jhoni
0:26 Loom
14:50 Feudal Age
15:17 Stone Mining
15:17 Gold Mining
15:15 Double-Bit Axe
15:12 Horse Collar
15:27 Town Watch
17:07 Wheelbarrow
21:33 Castle Age
22:59 Bow Saw
24:06 Stone Shaft Mining
24:05 Kamandaran
24:02 Crossbowman
25:42 Thumb Ring
27:27 Heavy Plow
28:04 Gold Shaft Mining
32:10 Imperial Age
32:40 Ballistics
33:43 Two-Man Saw
32:06 Elite War Elephant
33:23 Crop Rotation
34:01 Hand Cart
34:17 Conscription
35:38 Chemistry
36:11 Padded Archer Armor
36:01 Fletching
37:18 Bodkin Arrow
40:12 Leather Archer Armor
45:17 Ring Archer Armor
44:53 Scale Barding Armor
44:58 Forging
46:42 Citadels
FREDERICUS-HERECTUS
0:28 Loom
12:42 Feudal Age
13:12 Horse Collar
13:19 Town Watch
13:30 Gold Mining
13:30 Double-Bit Axe
14:09 Stone Mining
18:35 Man-at-Arms
20:00 Forging
22:13 Castle Age
20:36 Fletching
21:09 Scale Mail Armor
22:23 Elite Skirmisher
24:53 Heavy Plow
25:07 Bow Saw
25:31 Pikeman
26:12 Squires
25:58 Arson
26:20 Padded Archer Armor
27:37 Murder Holes
28:04 Ballistics
28:44 Bodkin Arrow
32:55 Masonry
35:38 Imperial Age
35:47 Iron Casting
35:35 Chain Mail Armor
37:52 Bracer
38:52 Blast Furnace
38:24 Plate Mail Armor
38:10 Leather Archer Armor
40:58 Chemistry
41:15 Architecture
43:16 Conscription
43:32 Ring Archer Armor
Toupeira_92
10:58 Feudal Age
12:34 Wheelbarrow
16:20 Castle Age
16:20 Double-Bit Axe
16:17 Horse Collar
19:23 Hand Cart
21:51 Heavy Plow
22:55 Stone Mining
22:56 Gold Mining
25:18 Stone Shaft Mining
27:31 Bloodlines
27:55 Forging
27:51 Scale Barding Armor
34:28 Imperial Age
35:33 Conscription
34:39 Cavalier
36:53 Paladin
38:22 Bow Saw
41:20 Iron Casting
41:06 Chain Barding Armor
42:08 Crop Rotation
43:00 Fortified Wall
43:54 Chemistry
Connection lost

Rejoining the realm…

Still unreachable

The connection could not be restored.

Session expired

The server has moved on; the page needs a fresh start.